 Dungeon Crawl Stone Soup version 0.27.0-1-g7a089689b8 (webtiles) character file.

Game seed: 14677163334031718329

45 EnegeticOcto the Skirmisher (level 3, -2/33 HPs)
             Began as a Minotaur Fighter on Aug 8, 2021.
             Was a Follower of Elyvilon.
             Succumbed to Sigmund's poison
             ... on level 2 of the Dungeon.
             The game lasted 00:00:30 (955 turns).

EnegeticOcto the Skirmisher (Minotaur Fighter)       Turns: 955, Time: 00:00:31

Health: -2/33      AC:  9    Str: 21    XL:     3   Next: 42%
Magic:  0/2        EV:  5    Int:  5    God:    Elyvilon [*.....]
Gold:   37         SH:  0    Dex:  9    Spells: 2/2 levels left

rFire    + . .     SeeInvis .   a - +0 war axe
rCold    . . .     Faith    .   c - +0 kite shield
rNeg     . . .     Spirit   .   h - +0 chain mail {rF+}
rPois    .         Reflect  .   (helmet restricted)
rElec    .         Harm     .   (no cloak)
rCorr    .         Rampage  .   (no gloves)
Will     .....                  (no boots)
Stlth    ..........             (no amulet)
HPRegen  0.11/turn              (no ring)
MPRegen  0.08/turn              (no ring)

@: confused, lethally poisoned (-2 -> -22)
A: horns 2, retaliatory headbutt
a: Renounce Religion, Lesser Healing, Divine Protection


You were on level 2 of the Dungeon.
You worshipped Elyvilon.
Elyvilon was aware of your devotion.
You visited 1 branch of the dungeon, and saw 2 of its levels.

You collected 37 gold pieces.

Inventory:

Hand Weapons
 a - a +0 war axe (weapon)
Armour
 c - a +0 kite shield (worn)
 h - a +0 chain mail of fire resistance (worn)
Scrolls
 e - a scroll of identify {unknown}
 g - a scroll of amnesia {unknown}
Potions
 d - a potion of might {@q3}
 f - 2 potions of curing {unknown}


   Skills:
 + Level 4.1 Fighting
 * Level 3.4 Axes
 + Level 4.1 Armour
 + Level 4.0 Shields


You had 2 spell levels left.
You didn't know any spells.
Your spell library was empty.

Dungeon Overview and Level Annotations

Branches:
Dungeon (2/15)

Altars:
Elyvilon

Annotations:
D:2 Sigmund


Innate Abilities, Weirdness & Mutations

You have a pair of horns on your head.
You reflexively headbutt those who attack you in melee.


Message History

A frilled lizard is nearby!
A frilled lizard is nearby!
You closely miss the frilled lizard.
Your headbutt misses the frilled lizard.
You block the frilled lizard's attack.
You barely miss the frilled lizard.
Your headbutt misses the frilled lizard.
You block the frilled lizard's attack.
The frilled lizard bites you but does no damage.
You barely miss the frilled lizard.
The frilled lizard bites you but does no damage.
You closely miss the frilled lizard. You block the frilled lizard's attack.
The frilled lizard barely misses you.
You barely miss the frilled lizard. The frilled lizard barely misses you.
You furiously retaliate!
You headbutt the frilled lizard.
You kill the frilled lizard!
No target in view!
No target in view!
No target in view!
You see here a +0 chain mail of fire resistance.
You start removing your armour.
You continue taking off your +0 scale mail. x4
You finish taking off your +0 scale mail.
You start putting on your armour.
You continue putting on your +0 chain mail of fire resistance. x5
You finish putting on your +0 chain mail of fire resistance.
You feel resistant to fire.
Drop what? 8/52 slots (_ for help) (? for menu, Esc to quit)
You drop a +0 scale mail.
As you open the door, it creaks loudly!
A bat comes into view.
You block the bat's attack.
A bat is nearby!
A bat is nearby!
A bat is nearby!
You hit the bat but do no damage. Your headbutt misses the bat.
The bat barely misses you. You furiously retaliate!
You headbutt the bat!
You kill the bat!
A bat comes into view.
The bat barely misses you. You furiously retaliate!
You headbutt the bat!
You kill the bat!
There is an open door here.
You see here a bat corpse.
No target in view!
No target in view!
No target in view!
No target in view!
No target in view!
You see here a bat corpse.
An adder comes into view.
An adder is nearby!
An adder is nearby!
You barely miss the adder. Your headbutt misses the adder. The adder bites you.
You are poisoned.
The adder poisons you! The adder bites you.
You slash the adder!
You kill the adder!
You feel very sick.
Sigmund the Dreaded comes into view.
He is wielding a +2 scythe of venom.
You block Sigmund's attack.
You feel sick.
Sigmund hits you with a +2 scythe of venom.
You closely miss Sigmund. Your headbutt misses Sigmund.
You feel sick. You block Sigmund's attack.
You slash Sigmund!
Sigmund is moderately wounded.
You feel sick. Sigmund casts a spell at you.
You resist with significant effort.
Sigmund hits you with a +2 scythe of venom!
You are lethally poisoned!
You are too injured to fight recklessly!
You are too injured to fight recklessly!
You are too injured to fight recklessly!
You are too injured to fight recklessly!
You are too injured to fight recklessly!
You are too injured to fight recklessly!
There is a lethal amount of poison in your body!
There is a lethal amount of poison in your body!
There is a lethal amount of poison in your body!
Unknown command.
You are healed.
You feel very sick. Sigmund barely misses you. You furiously retaliate!
You headbutt Sigmund. You hit Sigmund.
Sigmund is heavily wounded.
You feel very sick.
Sigmund hits you with a +2 scythe of venom!
* * * LOW HITPOINT WARNING * * *
You are more poisoned.
You block Sigmund's attack.
You are healed.
* * * LOW HITPOINT WARNING * * *
You feel very sick. Sigmund gestures at you while chanting.
You are confused.
You are too confused!
Okay, then.
You bump into the rock wall.
You die...

.. .. . . #.#
##.## ...
###.#.### #+#
#.@.#...# #.#
#@#####.######.###
#...#.......##....
###.#.#####.#...#.
#...# #.......
#..######.#...#.
#......##.##....
##.###.##.##.#..
#.# #......###.
#.######.##.#..


You could see Sigmund.

Vanquished Creatures
  A gnoll (D:1)
  An adder (D:2)
  A ball python (D:1)
  6 bats
  3 endoplasms (D:1)
  2 giant cockroaches (D:2)
  2 goblins (D:1)
  A hobgoblin (D:1)
  3 frilled lizards
  4 kobolds (D:1)
  A rat (D:1)
25 creatures vanquished.

Notes
Turn   | Place    | Note
-------+----------+-------------------------------------------
     0 | D:1      | EnegeticOcto the Minotaur Fighter began the quest for the
                  | Orb.
     0 | D:1      | Reached XP level 1. HP: 19/19 MP: 0/0
   296 | D:1      | Reached XP level 2. HP: 26/27 MP: 1/1
   335 | D:1      | Found a faded altar of an unknown god.
   444 | D:1      | Became a worshipper of Elyvilon the Healer
   444 | D:1      | Reached * piety under Elyvilon
   749 | D:1      | Reached XP level 3. HP: 33/33 MP: 2/2
   948 | D:2      | Noticed Sigmund
   955 | D:2      | Succumbed to Sigmund's poison

Illustrated notes

Levels and vault maps discovered:
D:1:      ncdulo_watergridlock, layout_basic,
          hellmonk_ecumenical_altar_slurped_away
D:2:      layout_loops_corners, uniq_robin, uniq_sigmund

Skill      XL: |  1  2  3 |
---------------+----------+-----
Axes           | 3 |  3.4
Armour         | 4 |  4.1
Fighting       | 4 |  4.1
Shields        | 4 |  4.0

Action                   || total
-------------------------++-------
Melee: War axe           ||    61
       Headbutt          ||     6
Invok: Lesser Healing    ||     2
Armor: Scale mail        ||    31
Dodge: Dodged            ||    26
Block: Kite shield       ||    35
